General information
- name: BNet
- type: Ladder team game (AT/RT)
- host: Battle.net
- saver: aka-do
map: Deadlands
- players: 8
- length: 31:42
- speed: Fast
- version: 1.26 W3XP
- replay type: Public
» download(211 KB)
Players
team 1 (loser)
UniQue101 (
yellow | 57 APM | 1794 actions | 31:40)
5 Mountain King
3 Storm Bolt
1 Bash
1 Thunder Clap
3 Paladin
2 Holy Light
1 Devotion Aura
» actions
| Assign group hotkey | 20 | |
| Basic commands | 191 | |
| Build / train | 103 | |
| Enter build submenu | 44 | |
| Enter hero's abilities submenu | 12 | |
| Give item / drop item | 3 | |
| Right click | 470 | |
| Select / deselect | 344 | |
| Select group hotkey | 523 | |
| Use ability | 84 | |
1794 total
» units
| Peasant | 58 | |
| Footman | 5 | |
| Dragonhawk Rider | 4 | |
| Gryphon Rider | 3 | |
| Goblin Shredder | 2 | |
72 total
» upgrades
| Swords | 1 | |
| Armor | 2 | |
| Lumber Harvesting | 1 | |
| Cloud | 1 | |
| Storm Hammers | 1 | |
| Magic Sentry | 1 | |
7 total
» buildings
| Farm | 13 | |
| Altar of Kings | 1 | |
| Barracks | 1 | |
| Keep | 1 | |
| Scout Tower | 17 | |
| Arcane Tower | 1 | |
| Blacksmith | 1 | |
| Castle | 1 | |
| Arcane Vault | 1 | |
| Lumber Mill | 2 | |
| Town Hall | 1 | |
| Guard Tower | 9 | |
| Gryphon Aviary | 4 | |
| Arcane Sanctum | 1 | |
54 total
» build order
01:19 Farm
01:26 Altar of Kings
01:45 Barracks
01:58 Farm
02:36 Farm
03:13 Keep
03:15 Farm
03:27 Scout Tower
03:44 Arcane Tower
03:55 Farm
04:36 Blacksmith
05:34 Castle
06:36 Arcane Vault
08:18 Farm
08:29 Lumber Mill
08:46 Town Hall
08:48 Scout Tower
08:50 Scout Tower
08:52 Scout Tower
08:54 Scout Tower
08:58 Farm
09:19 Scout Tower
09:21 Scout Tower
09:22 Scout Tower
09:38 Guard Tower
09:43 Farm
09:53 Guard Tower
10:20 Gryphon Aviary
10:22 Gryphon Aviary
10:24 Gryphon Aviary
10:26 Gryphon Aviary
10:35 Farm
11:16 Farm
11:55 Farm
13:59 Farm
14:06 Scout Tower
14:07 Scout Tower
14:09 Scout Tower
14:37 Guard Tower
14:42 Guard Tower
14:57 Farm
15:45 Guard Tower
25:18 Arcane Sanctum
27:17 Scout Tower
27:21 Scout Tower
27:26 Scout Tower
27:28 Scout Tower
27:30 Scout Tower
27:55 Guard Tower
27:57 Guard Tower
27:59 Guard Tower
28:04 Guard Tower
30:17 Lumber Mill
31:18 Scout Tower
» items

»
Yesterday (
pink | 38 APM | 1209 actions | 31:40)
6 Blademaster
2 Wind Walk
3 Critical Strike
1 Bladestorm
5 Shadow Hunter
2 Healing Wave
3 Hex
» actions
| Assign group hotkey | 9 | |
| Basic commands | 19 | |
| Build / train | 92 | |
| Enter build submenu | 32 | |
| Enter hero's abilities submenu | 11 | |
| Give item / drop item | 1 | |
| Remove unit from queue | 1 | |
| Right click | 498 | |
| Select / deselect | 434 | |
| Select group hotkey | 34 | |
| Use ability | 77 | |
1209 total
» units
| Peon | 43 | |
| Grunt | 5 | |
| Tauren | 3 | |
| Shaman | 7 | |
| Spirit Walker | 4 | |
62 total
» upgrades
| Spiked Barricades | 1 | |
| Berserker Strength | 1 | |
| Shaman Training | 2 | |
| Spirit Walker Training | 2 | |
| Melee Weapons | 1 | |
| Pulverize | 1 | |
| Armor | 1 | |
9 total
» buildings
| Altar of Storms | 1 | |
| Orc Burrow | 6 | |
| Barracks | 1 | |
| Voodoo Lounge | 1 | |
| War Mill | 1 | |
| Watch Tower | 11 | |
| Stronghold | 2 | |
| Great Hall | 3 | |
| Spirit Lodge | 2 | |
| Fortress | 1 | |
| Tauren Totem | 2 | |
31 total
» build order
00:07 Altar of Storms
00:13 Orc Burrow
00:53 Barracks
01:37 Orc Burrow
01:55 Voodoo Lounge
02:30 War Mill
03:07 Orc Burrow
04:09 Watch Tower
05:10 Stronghold
05:11 Stronghold
05:51 Great Hall
06:04 Watch Tower
06:13 Watch Tower
07:33 Watch Tower
08:17 Spirit Lodge
08:22 Spirit Lodge
08:38 Watch Tower
08:56 Watch Tower
10:34 Fortress
11:39 Watch Tower
11:42 Watch Tower
11:46 Watch Tower
12:57 Tauren Totem
13:35 Tauren Totem
14:15 Orc Burrow
14:28 Orc Burrow
16:22 Orc Burrow
19:44 Great Hall
29:14 Watch Tower
30:17 Great Hall
30:22 Watch Tower
» items
| Healing Salve | 2 | |
| Orb of Lightning | 1 | |
| Scroll of Town Portal | 1 | |
4 total
mr.weinstein (
orange | 78 APM | 2477 actions | 31:40)
3 Blood Mage
1 Siphon Mana
2 Flame Strike
3 Paladin
2 Holy Light
1 Divine Shield
1 Archmage
1 Brilliance Aura
» actions
| Assign group hotkey | 40 | |
| Basic commands | 24 | |
| Build / train | 143 | |
| ESC pressed | 10 | |
| Enter build submenu | 48 | |
| Enter hero's abilities submenu | 7 | |
| Give item / drop item | 3 | |
| Right click | 810 | |
| Select / deselect | 852 | |
| Select group hotkey | 327 | |
| Use ability | 213 | |
2477 total
» units
| Peasant | 30 | |
| Priest | 6 | |
| Sorceress | 3 | |
| Mortar Team | 3 | |
| Spell Breaker | 5 | |
47 total
» upgrades
| Lumber Harvesting | 2 | |
| Magic Sentry | 1 | |
| Masonry | 3 | |
| Priest Training | 2 | |
| Sorceress Training | 3 | |
| Gunpowder | 3 | |
| Plating | 2 | |
| Flare | 1 | |
| Fragmentation Shards | 1 | |
| Barrage | 1 | |
| Swords | 3 | |
| Armor | 1 | |
| Control Magic | 1 | |
24 total
» buildings
| Altar of Kings | 1 | |
| Farm | 15 | |
| Scout Tower | 15 | |
| Arcane Tower | 2 | |
| Keep | 2 | |
| Arcane Vault | 2 | |
| Lumber Mill | 2 | |
| Guard Tower | 12 | |
| Arcane Sanctum | 4 | |
| Town Hall | 2 | |
| Blacksmith | 1 | |
| Castle | 2 | |
| Workshop | 3 | |
63 total
» build order
00:54 Altar of Kings
01:10 Farm
01:22 Scout Tower
01:55 Arcane Tower
02:15 Farm
02:27 Keep
02:41 Arcane Vault
02:49 Scout Tower
03:26 Arcane Tower
04:04 Farm
04:07 Lumber Mill
04:41 Scout Tower
04:44 Scout Tower
05:16 Guard Tower
05:20 Scout Tower
05:27 Arcane Sanctum
07:24 Lumber Mill
07:57 Town Hall
08:02 Farm
08:03 Farm
09:25 Arcane Sanctum
10:14 Guard Tower
11:14 Blacksmith
12:01 Scout Tower
12:01 Scout Tower
12:02 Scout Tower
12:12 Scout Tower
12:13 Scout Tower
12:22 Guard Tower
12:23 Castle
12:25 Farm
12:25 Farm
12:32 Guard Tower
12:50 Guard Tower
14:23 Guard Tower
14:25 Workshop
14:25 Workshop
14:31 Farm
14:31 Farm
14:45 Arcane Vault
16:50 Workshop
17:29 Guard Tower
17:38 Scout Tower
17:39 Scout Tower
18:39 Farm
18:40 Farm
19:55 Farm
20:42 Guard Tower
20:52 Arcane Sanctum
20:53 Arcane Sanctum
23:39 Farm
23:39 Farm
25:32 Scout Tower
25:32 Scout Tower
25:33 Scout Tower
26:05 Guard Tower
26:08 Town Hall
30:25 Guard Tower
30:26 Guard Tower
» items
| Lesser Clarity Potion | 5 | |
| Mechanical Critter | 6 | |
| Boots of Speed | 2 | |
| Staff of Teleportation | 2 | |
| Circlet of Nobility | 1 | |
| Scroll of Regeneration | 1 | |
| Potion of Lesser Invulnerability | 1 | |
| Ivory Tower | 12 | |
| Orb of Fire | 2 | |
| Staff of Sanctuary | 3 | |
| Scroll of Town Portal | 3 | |
| Potion of Healing | 1 | |
| Potion of Mana | 1 | |
40 total

»
LeComptable (
red | 51 APM | 1624 actions | 31:40)
7 Blademaster
3 Critical Strike
3 Wind Walk
1 Bladestorm
3 Naga Sea Witch
1 Forked Lightning
1 Frost Arrows
1 Mana Shield
» actions
| Basic commands | 9 | |
| Build / train | 84 | |
| Enter build submenu | 23 | |
| Enter hero's abilities submenu | 11 | |
| Give item / drop item | 2 | |
| Right click | 976 | |
| Select / deselect | 462 | |
| Use ability | 56 | |
1624 total
» units
| Peon | 22 | |
| Troll Headhunter/Berserker | 7 | |
| Wind Rider | 22 | |
51 total
» upgrades
| Ranged Weapons | 3 | |
| Armor | 3 | |
| Envenomed Spears | 1 | |
| Spiked Barricades | 1 | |
8 total
» buildings
| Altar of Storms | 1 | |
| Orc Burrow | 8 | |
| War Mill | 1 | |
| Barracks | 1 | |
| Stronghold | 3 | |
| Fortress | 3 | |
| Beastiary | 2 | |
| Voodoo Lounge | 1 | |
| Watch Tower | 7 | |
27 total
» build order
00:10 Altar of Storms
00:17 Orc Burrow
00:50 War Mill
01:39 Barracks
02:19 Orc Burrow
03:14 Stronghold
03:15 Stronghold
06:04 Orc Burrow
06:05 Fortress
06:05 Fortress
06:05 Fortress
07:29 Beastiary
07:33 Beastiary
08:33 Orc Burrow
08:39 Orc Burrow
10:59 Voodoo Lounge
11:28 Orc Burrow
12:27 Orc Burrow
13:50 Orc Burrow
19:00 Watch Tower
19:32 Watch Tower
19:38 Watch Tower
22:08 Watch Tower
22:14 Watch Tower
22:53 Watch Tower
29:25 Watch Tower
» items
| Potion of Healing | 1 | |
| Scroll of Town Portal | 1 | |
| Tiny Great Hall | 2 | |
| Scroll of Healing | 1 | |
5 total
team 2 (winner)
aka-do (
purple | 41 APM | 1298 actions | 31:42)
7 Archmage
3 Blizzard
3 Brilliance Aura
1 Mass Teleport
» actions
| Assign group hotkey | 41 | |
| Basic commands | 2 | |
| Build / train | 76 | |
| Enter build submenu | 12 | |
| Enter hero's abilities submenu | 7 | |
| Give item / drop item | 4 | |
| Right click | 432 | |
| Select / deselect | 137 | |
| Select group hotkey | 432 | |
| Use ability | 155 | |
1298 total
» units
» upgrades
| Masonry | 3 | |
| Lumber Harvesting | 2 | |
| Sorceress Training | 2 | |
| Magic Sentry | 1 | |
| Priest Training | 1 | |
9 total
» buildings
| Altar of Kings | 1 | |
| Farm | 3 | |
| Scout Tower | 11 | |
| Arcane Tower | 1 | |
| Arcane Vault | 1 | |
| Lumber Mill | 1 | |
| Keep | 1 | |
| Guard Tower | 7 | |
| Castle | 1 | |
| Blacksmith | 1 | |
| Arcane Sanctum | 1 | |
29 total
» build order
00:14 Altar of Kings
00:28 Farm
00:59 Scout Tower
01:26 Arcane Tower
01:28 Arcane Vault
01:32 Lumber Mill
03:02 Keep
03:06 Scout Tower
03:06 Scout Tower
03:07 Scout Tower
03:07 Scout Tower
03:08 Scout Tower
03:46 Guard Tower
03:54 Scout Tower
03:55 Scout Tower
04:22 Guard Tower
04:23 Guard Tower
04:42 Guard Tower
06:33 Guard Tower
07:08 Castle
07:29 Blacksmith
07:58 Arcane Sanctum
08:09 Farm
08:12 Farm
16:48 Scout Tower
16:49 Scout Tower
17:21 Guard Tower
18:49 Guard Tower
» items
| Scroll of Regeneration | 4 | |
| Lesser Clarity Potion | 3 | |
| Mechanical Critter | 1 | |
| Staff of Teleportation | 1 | |
| Boots of Speed | 1 | |
| Ivory Tower | 1 | |
| Potion of Mana | 1 | |
| Potion of Invisibility | 5 | |
| Potion of Lesser Invulnerability | 1 | |
| Potion of Healing | 2 | |
| Scroll of Town Portal | 2 | |
22 total
CUMatmeBRO (
green | 33 APM | 908 actions | 27:17)
5 Shadow Hunter
3 Hex
2 Healing Wave
2 Tauren Chieftain
1 War Stomp
1 Endurance Aura
» actions
| Basic commands | 2 | |
| Build / train | 57 | |
| Enter build submenu | 18 | |
| Enter hero's abilities submenu | 7 | |
| Right click | 454 | |
| Select / deselect | 302 | |
| Use ability | 68 | |
908 total
» units
| Peon | 11 | |
| Wind Rider | 10 | |
| Troll Witch Doctor | 4 | |
| Shaman | 1 | |
| Troll Batrider | 4 | |
30 total
» upgrades
| Ranged Weapons | 3 | |
| Armor | 3 | |
| Envenomed Spears | 1 | |
| Witch Doctor Training | 2 | |
| Ensnare | 1 | |
| Shaman Training | 2 | |
12 total
» buildings
| Stronghold | 1 | |
| War Mill | 1 | |
| Altar of Storms | 1 | |
| Orc Burrow | 8 | |
| Voodoo Lounge | 1 | |
| Beastiary | 2 | |
| Fortress | 1 | |
| Spirit Lodge | 2 | |
17 total
» build order
02:05 Stronghold
02:11 War Mill
02:16 Altar of Storms
02:21 Orc Burrow
03:10 Orc Burrow
04:12 Orc Burrow
04:39 Voodoo Lounge
05:17 Beastiary
05:22 Beastiary
06:30 Orc Burrow
08:02 Fortress
08:59 Orc Burrow
09:56 Spirit Lodge
12:35 Orc Burrow
14:37 Spirit Lodge
14:49 Orc Burrow
18:52 Orc Burrow
» items
| Potion of Lesser Invulnerability | 1 | |
| Healing Salve | 1 | |
| Orb of Lightning | 1 | |
| Scroll of Town Portal | 1 | |
4 total

»
Snowy (
blue | 33 APM | 932 actions | 28:28)
4 Keeper of the Grove
1 Force of Nature
1 Entangling Roots
2 Thorns Aura
4 Priestess of the Moon
2 Trueshot Aura
2 Searing Arrows
» actions
| Assign group hotkey | 34 | |
| Basic commands | 163 | |
| Build / train | 101 | |
| Enter build submenu | 19 | |
| Enter hero's abilities submenu | 8 | |
| Give item / drop item | 1 | |
| Right click | 114 | |
| Select / deselect | 289 | |
| Select group hotkey | 146 | |
| Use ability | 57 | |
932 total
» units
| Wisp | 19 | |
| Archer | 9 | |
| Huntress | 6 | |
| Dryad | 10 | |
| Druid of the Talon | 18 | |
| Druid of the Claw | 2 | |
| Hippogryph | 2 | |
66 total
» upgrades
| Strength of the Moon | 3 | |
| Sentinel | 1 | |
| Ultravision | 1 | |
| Strength of the Wild | 3 | |
| Well Spring | 1 | |
| Abolish Magic | 1 | |
| Druid of the Talon Training | 2 | |
| Druid of the Claw Training | 2 | |
| Marksmanship | 1 | |
| Mark of the Talon | 1 | |
| Reinforced Hides | 2 | |
| Mark of the Claw | 1 | |
19 total
» buildings
| Moon Well | 9 | |
| Altar of Elders | 1 | |
| Ancient of War | 1 | |
| Hunter's Hall | 1 | |
| Tree of Ages | 1 | |
| Ancient Protector | 2 | |
| Ancient of Lore | 1 | |
| Tree of Eternity | 1 | |
| Ancient of Wind | 1 | |
| Ancient of Wonders | 1 | |
| Tree of Life | 2 | |
21 total
» build order
00:11 Moon Well
00:27 Altar of Elders
01:09 Moon Well
01:33 Ancient of War
02:12 Hunter's Hall
02:58 Moon Well
03:13 Moon Well
03:19 Tree of Ages
05:00 Ancient Protector
06:00 Ancient of Lore
06:10 Tree of Eternity
06:40 Ancient of Wind
06:43 Moon Well
07:56 Moon Well
08:27 Ancient of Wonders
09:36 Tree of Life
15:36 Moon Well
16:39 Moon Well
18:57 Ancient Protector
22:14 Moon Well
25:51 Tree of Life
» items
| Scroll of Town Portal | 3 | |
| Orb of Fire | 1 | |
4 total
TedNash (
teal | 77 APM | 2151 actions | 27:57)
3 Blademaster
1 Wind Walk
2 Critical Strike
3 Shadow Hunter
2 Hex
1 Healing Wave
3 Tauren Chieftain
1 War Stomp
2 Endurance Aura
» actions
| Assign group hotkey | 26 | |
| Basic commands | 166 | |
| Build / train | 79 | |
| Enter build submenu | 20 | |
| Enter hero's abilities submenu | 9 | |
| Give item / drop item | 5 | |
| Right click | 635 | |
| Select / deselect | 498 | |
| Select group hotkey | 554 | |
| Use ability | 159 | |
2151 total
» units
| Peon | 9 | |
| Troll Headhunter/Berserker | 17 | |
| Troll Witch Doctor | 5 | |
| Goblin Shredder | 1 | |
| Kodo Beast | 1 | |
| Demolisher | 1 | |
34 total
» upgrades
| Troll Regeneration | 1 | |
| Berserker Upgrade | 1 | |
| Witch Doctor Training | 2 | |
| Reinforced Defenses | 1 | |
| War Drums Damage Increase | 1 | |
| Ranged Weapons | 1 | |
| Pillage | 1 | |
| Shaman Training | 1 | |
9 total
» buildings
| Altar of Storms | 1 | |
| Orc Burrow | 7 | |
| Voodoo Lounge | 1 | |
| War Mill | 1 | |
| Stronghold | 1 | |
| Barracks | 2 | |
| Fortress | 1 | |
| Spirit Lodge | 1 | |
| Watch Tower | 1 | |
| Great Hall | 2 | |
| Beastiary | 1 | |
19 total
» build order
00:05 Altar of Storms
00:07 Orc Burrow
00:24 Voodoo Lounge
01:52 War Mill
02:13 Stronghold
02:23 Orc Burrow
03:30 Barracks
04:12 Orc Burrow
04:55 Fortress
06:21 Spirit Lodge
07:20 Orc Burrow
11:24 Orc Burrow
11:32 Orc Burrow
12:30 Watch Tower
14:33 Great Hall
14:58 Beastiary
16:34 Barracks
18:58 Orc Burrow
20:38 Great Hall
» items
| Healing Salve | 6 | |
| Lesser Clarity Potion | 5 | |
| Orb of Lightning | 3 | |
| Scroll of Speed | 2 | |
| Potion of Healing | 3 | |
| Scroll of Town Portal | 2 | |
| Staff of Sanctuary | 1 | |
22 total
Chat log
(00:28 / Allies) TedNash: ty
(00:49 / All) aka-do: wut is everyone's opinion on ellen page announcing she is officially, gay
(00:59 / All) mr.weinstein: who?
(01:03 / All) UniQue101: who
(01:07 / All) Yesterday: who
(01:10 / All) aka-do: the girl from juno
(01:18 / All) Yesterday: who?
(06:04 / Allies) Snowy: gj
(06:09 / Allies) CUMatmeBRO: lol
(06:57 / Allies) CUMatmeBRO: lol
(11:47 / Allies) Snowy: thanks
(13:04 / Allies) CUMatmeBRO: get morts purp
(13:07 / Allies) CUMatmeBRO: for tAnks
(16:18 / All) aka-do: aint too shabby yellow
(16:48 / Allies) Snowy: spend
(17:04 / Allies) CUMatmeBRO: purp share the gold?
(17:20 / Allies) CUMatmeBRO: ty
(17:21 / Allies) Snowy: ty!
(17:27 / Allies) TedNash: ty
(17:28 / Allies) Snowy: ready to hit?
(19:31 / Allies) Snowy: melee needed
(20:23 / Allies) CUMatmeBRO: out
(22:20 / All) aka-do: is this freaking no english spic day or something
(24:54 / All) aka-do: admit im a gosu harasser yellow
(26:08 / Allies) TedNash: help
(26:13 / All) LeComptable: not sure if you know that help me ?
(26:18 / All) aka-do: wut?
(26:28 / All) aka-do: isnt that ur fault lol
(27:43 / All) UniQue101: purple loss
(27:55 / All) Yesterday: too busy fucking around with his hero
(28:14 / All) aka-do: stats dont lie, im gonna have top unit kill count
(28:22 / All) UniQue101: good for you
(28:24 / Allies) Snowy: you did well
(28:32 / All) aka-do: im a freaking beast harasser
(28:42 / All) LeComptable: you help me more then everything lol
(30:37 / All) aka-do: admit im ur superior, pink
(30:43 / All) Yesterday: you sick
(30:49 / All) aka-do: ty ty
(30:51 / All) Yesterday: im killing your shit your killing peons
(30:53 / All) LeComptable: that why it say defeat for you at the end ?
(31:16 / All) aka-do: its not about wins or losses, just individual stats
(31:23 / All) aka-do: and im gnna have 100+ unit kills with one unit
(31:24 / All) Yesterday: thats lame
(31:28 / All) LeComptable: you played so bad
(31:33 / All) Yesterday: anyone could do that
(31:39 / All) LeComptable: gg